 Dungeon Sprint DCSS version 0.22.0-76-g6cd1571672 (webtiles) character file.

5 ICC the Gusty (level 1, -3/12 HPs)
             Began as a Gargoyle Air Elementalist on Sept 16, 2018.
             Splashed by a jelly's acid (10 damage)
             ... in the Dungeon (Sprint IX: "|||||||||||||||||||||||||||||").
             The game lasted 00:01:09 (210 turns).

ICC the Gusty (Gargoyle Air Elementalist)            Turns: 210, Time: 00:01:09

Health: -3/12      AC:  0    Str: 11    XL:     1   Next: 80%
Magic:  3/3        EV: 12    Int: 15    God:
Gold:   0          SH:  0    Dex: 10    Spells: 3/4 levels left

rFire    . . .     SeeInvis .   b - +0 whip
rCold    . . .     Gourm    .   (no shield)
rNeg     + . .     Faith    .   a - +0 robe
rPois    ∞         Spirit   .   (no helmet)
rElec    +         Reflect  .   (no cloak)
rCorr    .         Harm     .   (no gloves)
MR       .....     NoTele   +   (no boots)
Stlth    ++........             (no amulet)
HPRegen  0.04/turn              (no ring)
MPRegen  0.08/turn              (no ring)

@: corroded
A: negative energy resistance 1, electricity resistance, unbreathing,
petrification resistance, rot immunity, AC +2
a: no special abilities


You were in the Dungeon.
You were not hungry.

You visited 1 branch

Inventory:

Hand Weapons
 b - a +0 whip (weapon)
Armour
 a - a +0 robe (worn)
Scrolls
 i - a scroll of blinking
Potions
 d - a potion of curing
 e - a potion of heal wounds
 f - a potion of haste
 g - a potion of magic
 h - a potion of berserk rage
Comestibles
 c - a ration
 j - 2 chunks of flesh


   Skills:
 + Level 1.0 Fighting
 + Level 1.0 Armour
 + Level 1.9 Dodging
 - Level 2.1 Stealth
 + Level 2.3 Spellcasting
 * Level 2.2 Conjurations
 + Level 2.6 Air Magic


You had 3 spell levels left.
You knew the following spells:

 Your Spells              Type           Power        Failure   Level  Hunger
a - Shock                 Conj/Air       #...         8%          1    #......

Your spell library contained the following spells:

 Spells                   Type           Power        Failure   Level  Hunger
 Swiftness                Chrm/Air       #.......     19%         2    ###....
 Static Discharge         Conj/Air       #.......     24%         3    ###....
 Airstrike                Air            #.........   58%         4    #####..
 Lightning Bolt           Conj/Air       #.........   91%         5    ######.


Dungeon Overview and Level Annotations

Branches:
Dungeon (1/1)

Altars:


Innate Abilities, Weirdness & Mutations

You are resistant to torment.
Your stone body is resilient. (AC +2)
You are immune to poison.
You resist negative energy. (rN+)
You are resistant to electric shocks. (rElec)
You can survive without breathing.
You are immune to petrification.
You are immune to rotting.


Message History

Wield which item (- for none, * to show all)? (? for menu, Esc to quit)
b - a +0 whip (weapon)
You start resting.
HP restored.
You butcher the bat corpse.
j - a chunk of flesh
There is an open door to the Dungeon here.
You butcher the bat corpse.
j - 2 chunks of flesh (gained 1)
There is an open door to the Dungeon here.
You open the door.
A frilled lizard, a ball python, a jelly, a worker ant and a zombie come into The worker ant twitches its antennae in your direction.
There is an open door here.
The helpless jelly fails to defend itself.
You hit the jelly. The acid corrodes you!
Your hands burn!
The jelly is lightly wounded.
The jelly hits you.
You are splashed with acid!
The acid burns!
Ouch! That really hurt!
You die... ▓▓▓▓▓▓▓▓▓▓▓▓▓▓▓▓▓▓ ▓<.).'.....@JZSal+ ▓▓▓▓▓▓▓▓▓▓▓▓▓▓▓▓▓▓

You could see a jelly, a worker ant, an adder zombie, a ball python (sleeping) and a frilled lizard (sleeping).

Vanquished Creatures
  2 bats (D)
  A hobgoblin (D)
  A jackal (D)
  A kobold (D)
5 creatures vanquished.

Notes
Turn   | Place    | Note
-------+----------+-------------------------------------------
     0 | D        | ICC the Gargoyle Air Elementalist began the quest for the
                  | Orb.
     0 | D        | Reached XP level 1. HP: 10/10 MP: 3/3
    22 | D        | Reached skill level 1 in Fighting
    22 | D        | Reached skill level 1 in Armour
   208 | D        | Noticed a jelly
   208 | D        | Noticed a worker ant
   210 | D        | Splashed by a jelly's acid

Skill      XL: |  1 |
---------------+----+-----
Conjurations   | 2 |  2.2
Fighting       | 1 |  1.0
Armour         | 1 |  1.0
Dodging        | |  1.9
Stealth        | |  2.1
Spellcasting   | |  2.3
Air Magic      | |  2.6

Action                   || total
-------------------------++-------
Melee: Unarmed           ||    10
       Whip              ||     1
 Cast: Shock             ||     5
  Use: Potion            ||     1
 Stab: Sleeping          ||     1
Armor: Robe              ||     7
Dodge: Dodged            ||     9
